 Dungeon Crawl Stone Soup version 0.20.1-1-g8b1a95d (webtiles) character file.

86 homeworkjunkie the Skirmisher (level 4, -1/40 HPs)
             Began as a Hill Orc Fighter on Dec 15, 2017.
             Slain by an orc priest (3 damage)
             ... on level 4 of the Dungeon.
             The game lasted 00:04:17 (2178 turns).

homeworkjunkie the Skirmisher (Hill Orc Fighter)    Turns: 2178, Time: 00:04:17

Health: -1/40      AC: 14    Str: 21 (24) XL:     4   Next: 49%
Magic:  4/4        EV:  4    Int:  7 (10) God:
Gold:   119        SH:  9    Dex:  7 (10) Spells: 3/3 levels left

rFire    . . .     SeeInvis .   e - +0 hand axe (curse)
rCold    . . .     Gourm    .   c - +0 shield
rNeg     . . .     Faith    .   b - +0 plate armour
rPois    .         Spirit   .   (no helmet)
rElec    .         Reflect  .   l - +0 cloak
rCorr    .         Harm     .   k - +0 pair of gloves
MR       .....                  (no boots)
Stlth    ..........             (no amulet)
Regen    0.2/turn               h - +2 ring of intelligence
MPRegen  0.1/turn               (no ring)

@: mighty, hasted, very quick
A: no striking features
a: Convert to Beogh


You were on level 4 of the Dungeon.
You were not hungry.

You visited 1 branch of the dungeon, and saw 4 of its levels.

You collected 119 gold pieces.

Inventory:

Hand Weapons
 a - a +1 war axe
 e - a cursed +0 hand axe (weapon)
Armour
 b - a +0 plate armour (worn)
 c - a +0 shield (worn)
 k - a +0 pair of gloves (worn)
 l - a +0 cloak (worn)
Jewellery
 h - a +2 ring of intelligence (left hand)
 m - a cursed ring of teleportation {unknown}
Scrolls
 j - a scroll of remove curse {unknown}
 o - 3 scrolls of identify
 q - a scroll of recharging
Potions
 d - 2 potions of might
 i - a potion of magic
Comestibles
 n - a fruit
 p - a royal jelly


   Skills:
 * Level 4.3 Fighting
 * Level 4.0 Axes
 * Level 4.0 Armour
 * Level 3.9 Shields


You had 3 spell levels left.
You didn't know any spells.

Dungeon Overview and Level Annotations

Branches:
Dungeon (4/15)
 Temple: D:4-7

Altars:
Cheibriados
Dithmenos
Qazlal
Yredelemnul


Message History

* * * LOW HITPOINT WARNING * * *
The orc priest shouts, "Surrender to Beogh and we'll let you live!"
You slash the orc!
You kill the orc!
Your Armour skill increases to level 4!
You closely miss the orc wizard.
The orc wizard mumbles some strange words.
The orc wizard blinks!
You slash the orc!
You kill the orc!
The orc priest miscasts a cantrip.
Items here: ))) [[ † You closely miss the orc priest.
The teleport trap disappears.
The orc wizard disappears!
You barely miss the orc priest.
The orc priest hits you but does no damage.
You hit the orc priest.
The orc priest is moderately wounded.
The orc priest hits you.
You die...

##### ..... #.#.#
#o#.# #@#.# ##
#.#.#
...####.#.####..
#...§........# ..#
###.#..........#
.....#.#.#<#.###..#
......#.#.#.# .
#.#...#.#.#.#
...... .....


You could see an orc priest.

Vanquished Creatures
  An adder (D:2)
  A worm (D:4)
  3 dart slugs
  2 leopard geckos (D:3)
  7 orcs
  5 bats
  4 giant cockroaches
  7 goblins
  7 hobgoblins
  2 jackals (D:3)
  2 quokkas (D:3)
  4 frilled lizards
  5 kobolds
  4 rats
54 creatures vanquished.

Vanquished Creatures (others)
  4 toadstools (D:1)
4 creatures vanquished.

Grand Total: 58 creatures vanquished

Notes
Turn   | Place    | Note
-------+----------+-------------------------------------------
     0 | D:1      | homeworkjunkie the Hill Orc Fighter began the quest for the Orb.
     0 | D:1      | Reached XP level 1. HP: 19/19 MP: 1/1
   138 | D:1      | Reached XP level 2. HP: 25/27 MP: 2/2
   262 | D:2      | Found a basalt altar of Yredelemnul.
   504 | D:3      | Reached XP level 3. HP: 33/33 MP: 3/3
   563 | D:3      | Found a shadowy altar of Dithmenos.
  1067 | D:3      | Reached XP level 4. HP: 33/40 MP: 4/4
  1168 | D:2      | Found a stormy altar of Qazlal.
  1334 | D:2      | Found a snail-covered altar of Cheibriados.
  2167 | D:4      | HP: 1/40 [orc wizard/magic dart (4)]
  2172 | D:4      | HP: 2/40 [orc wizard/magic dart (5)]
  2178 | D:4      | Slain by an orc priest

Skill      XL: |  1  2  3  4 |
---------------+-------------+-----
Fighting       | 4 |  4.3
Axes           | 3 4 |  4.0
Armour         | 4 |  4.0
Shields        | |  3.9

Action                   |  1- 3 |  4- 6 || total
-------------------------+-------+-------++-------
Melee: War axe           |    46 |       ||    46
       Hand axe          |    73 |    61 ||   134
  Use: Scroll            |     7 |       ||     7
       Potion            |     1 |     5 ||     6
  Eat: Bread ration      |     1 |       ||     1
Armor: Scale mail        |    34 |       ||    34
       Plate armour      |    25 |    35 ||    60
Dodge: Dodged            |    42 |     8 ||    50
Block: Shield            |    57 |    11 ||    68
